[Event "*** SCC Grand Prix: Titled Tuesday Blitz"]
[Site "Chess.com"]
[Date "2020.07.14"]
[Round "10"]
[White "JiiHart"]
[Black "ZverevLev"]
[Result "0-1"]
[WhiteElo "2087"]
[BlackElo "2316"]
[TimeControl "180+1"]
[EndTime "11:56:14 PDT"]
[Termination "ZverevLev won by resignation"]

1. e4 f5 2. exf5 Nf6 3. Be2 g6 4. fxg6 hxg6 5. Bd3 Kf7 6. Nf3 d6 7. Ng5+ Kg7 8. Qe2 e5 9. Nc3 Nh5 10. h4 Nf4 11. Qe4 Bf5 12. Qxb7 Bxd3 13. cxd3 Qxg5 14. g3 Nxd3+ 15. Kd1 Nxf2+ 16. Kc2 Qf5+ 17. Kb3 Nxh1 18. Qxb8 Rxb8+ 0-1

[Event "*** SCC Grand Prix: Titled Tuesday Blitz"]
[Site "Chess.com"]
[Date "2020.07.14"]
[Round "10"]
[White "Klaus1995"]
[Black "IAgrest"]
[Result "0-1"]
[WhiteElo "1903"]
[BlackElo "2223"]
[TimeControl "180+1"]
[EndTime "11:56:18 PDT"]
[Termination "IAgrest won by resignation"]

1. e4 e5 2. Nf3 Nc6 3. Bc4 Nf6 4. Ng5 d5 5. exd5 Na5 6. Bb5+ Bd7 7. Bxd7+ Qxd7 8. Nc3 Nxd5 9. d3 O-O-O 10. Nxd5 Qxd5 11. Qf3 f6 12. Qxd5 Rxd5 13. Nf3 Nc6 14. Be3 Nb4 15. O-O-O Nxa2+ 16. Kb1 Nb4 17. d4 e4 18. Nd2 f5 19.
Nc4 Be7 20. Ne5 Re8 21. c3 Na6 22. g4 g6 23. gxf5 gxf5 24. Rhg1 Bf6 25. Bf4 c5 26. dxc5 Rdxe5 27. Bxe5 Bxe5 28. b4 Bxc3 29. Rd5 f4 30. b5 Nb4 31. Rf5 e3 32. fxe3 fxe3 33. Rf3 e2 34.
Rxc3 e1=Q+ 35. Rxe1 Rxe1+ 36. Kb2 Re2+ 37. Kb3 Nd5 38.
Rd3 Re3 0-1

[Event "*** SCC Grand Prix: Titled Tuesday Blitz"]
[Site "Chess.com"]
[Date "2020.07.14"]
[Round "10"]
[White "MarceloPlaya"]
[Black "aNaartjieZA"]
[Result "1-0"]
[WhiteElo "2349"]
[BlackElo "2479"]
[TimeControl "180+1"]
[EndTime "11:56:20 PDT"]
[Termination "MarceloPlaya won by resignation"]

1. e4 e6 2. d4 d5 3. Nc3 Bb4 4. e5 c5 5. a3 Bxc3+ 6. bxc3 Ne7 7. Qg4 Qc7 8. Bd3 cxd4 9. Ne2 dxc3 10. Bf4 Nbc6 11. Qxg7 Rg8 12. Qxh7 Bd7 13. O-O d4 14. Rab1 O-O-O 15. Be4 Rh8 16. Qxf7 Rdf8 17. Qg7 Rhg8 18. Qh6 b6 19. Bg3 Nf5 20. Bxf5 Rxf5 21. Rfd1 d3 22. Rxd3 Kb8 23. Rxc3 Qb7 24. Rd3 Ne7 25. Rbd1 Nd5 26. Rxd5 exd5 27. e6+ Rxg3 28. Nxg3 1-0

[Event "*** SCC Grand Prix: Titled Tuesday Blitz"]
[Site "Chess.com"]
[Date "2020.07.14"]
[Round "10"]
[White "Cocaino74"]
[Black "maximnovik"]
[Result "1-0"]
[WhiteElo "2331"]
[BlackElo "2462"]
[TimeControl "180+1"]
[EndTime "11:56:20 PDT"]
[Termination "Cocaino74 won by checkmate"]

1. e4 c6 2. d4 d5 3. exd5 cxd5 4. Bd3 Nc6 5. c3 g6 6. Nf3 Bg7 7. O-O Nh6 8. Bf4 O-O 9. Re1 f6 10. c4 Nf7 11. cxd5 Nb4 12. Nc3 Nxd5 13. Nxd5 Qxd5 14.
Rc1 Qd8 15. h3 Nd6 16. d5 Bd7 17. Nd4 Qb6 18. Rxe7 Qxd4 19. Bxd6 Bf5 20. Rcc7 Bh6 21. Qc1 Qh4 22. Rxh7 Bxc1 23. Rcg7# 1-0

[Event "*** SCC Grand Prix: Titled Tuesday Blitz"]
[Site "Chess.com"]
[Date "2020.07.14"]
[Round "10"]
[White "GukeshDommaraju"]
[Black "Canonkasparov"]
[Result "1-0"]
[WhiteElo "2729"]
[BlackElo "2577"]
[TimeControl "180+1"]
[EndTime "11:56:22 PDT"]
[Termination "GukeshDommaraju won by resignation"]

1. d4 d5 2. c4 c6 3. Nf3 Nf6 4. Nc3 a6 5. c5 Bf5 6. Bf4 Nbd7 7.
e3 h6 8. Bd3 Bxd3 9. Qxd3 e6 10. h3 b6 11. b4 a5 12. b5 bxc5 13.
bxc6 Nb6 14. Qb5 Nc4 15. c7+ Qd7 16. Qb8+ Qc8 17. Rb1 Nd7 18. Qxa8 Qxa8 19. Rb8+ Nxb8 20. c8=Q+ Ke7 21. Bxb8 Nb6 22. Qxc5+ Kf6 23. Be5+ Kg6 24. Qxb6 Bb4 25. O-O Bxc3 26. Qc7 Rc8 27. Nh4+ Kh5 28. Qxf7+ Kxh4 29. Qf4+ 1-0

[Event "*** SCC Grand Prix: Titled Tuesday Blitz"]
[Site "Chess.com"]
[Date "2020.07.14"]
[Round "10"]
[White "vovachesss"]
[Black "Alopekos"]
[Result "1-0"]
[WhiteElo "2586"]
[BlackElo "2342"]
[TimeControl "180+1"]
[EndTime "11:56:27 PDT"]
[Termination "vovachesss won by resignation"]

1. g4 d5 2. Bg2 c6 3. c4 dxc4 4. h3 h5 5. g5 h4 6. d3 cxd3 7. exd3 Bf5 8. d4 e5 9. Ne2 Be7 10. Rg1 Na6 11. a3 Qd7 12. Nbc3 Bxh3 13. Bxh3 Qxh3 14.
Be3 exd4 15. Nxd4 O-O-O 16. Qb3 Nc5 17. Qxf7 Nd3+ 18. Ke2 Ne5 19. Qxg7 c5 20. Qxe5 cxd4 21. Nb5 d3+ 22. Kd2 Rd7 1-0

[Event "*** SCC Grand Prix: Titled Tuesday Blitz"]
[Site "Chess.com"]
[Date "2020.07.14"]
[Round "10"]
[White "Bodnar_Mykola"]
[Black "MacDaddyMac"]
[Result "1-0"]
[WhiteElo "2475"]
[BlackElo "2311"]
[TimeControl "180+1"]
[EndTime "11:56:30 PDT"]
[Termination "Bodnar_Mykola won by checkmate"]

1. e4 e6 2. d4 d5 3. Nc3 Nf6 4.
e5 Nfd7 5. f4 c5 6. Nf3 Nc6 7.
Be3 Qb6 8. Na4 Qa5+ 9. c3 cxd4 10. b4 Qc7 11. Nxd4 Nxd4 12. Bxd4 a6 13. Bd3 b5 14.
Nb2 Nb6 15. O-O Nc4 16. Qe2 Bb7 17. Nd1 g6 18. Ne3 h5 19. g3 Be7 20. h3 Bc6 21.
a4 Bb7 22. axb5 axb5 23. Rxa8+ Bxa8 24. Ra1 Bc6 25. Ra7 Qb8 26. Nxc4 dxc4 27. Be4 Bd5 28. Bxd5 exd5 29. e6 f6 30. Qf3 Qd8 31. f5 g5 32. Rd7 Qa8 33. Qxd5 Qa1+ 34. Kg2 g4 35. Rxe7+ Kf8 36. Rf7+ Ke8 37. Qd7# 1-0

[Event "*** SCC Grand Prix: Titled Tuesday Blitz"]
[Site "Chess.com"]
[Date "2020.07.14"]
[Round "10"]
[White "reniite"]
[Black "Larina_Marija"]
[Result "0-1"]
[WhiteElo "1913"]
[BlackElo "2103"]
[TimeControl "180+1"]
[EndTime "11:56:33 PDT"]
[Termination "Larina_Marija won by checkmate"]

1. e4 d5 2. exd5 Qxd5 3. Nc3 Qa5 4. d4 Nf6 5. Bc4 Bf5 6. Bd2 Qb6 7.
Qe2 Qxd4 8. O-O-O Qg4 9. f3 Qg6 10. Bf4 c6 11. g4 Bd7 12. h4 Nxg4 13. fxg4 Bxg4 14. Nf3 Qh5 15. Ne4 e6 16. Rhf1 Nd7 17. Neg5 O-O-O 18. Qe3 Bc5 19. Qb3 h6 20. Ne4 Bxf3 21.
Rxf3 Qxh4 22. Rxd7 Qe1+ 23. Rd1 Qxd1# 0-1

[Event "*** SCC Grand Prix: Titled Tuesday Blitz"]
[Site "Chess.com"]
[Date "2020.07.14"]
[Round "10"]
[White "TheWolfSpur"]
[Black "1f3_2g41-0"]
[Result "1-0"]
[WhiteElo "2292"]
[BlackElo "2382"]
[TimeControl "180+1"]
[EndTime "11:56:34 PDT"]
[Termination "TheWolfSpur won by resignation"]

1. d4 Nf6 2. c4 g6 3. Nc3 d5 4. cxd5 Nxd5 5. e4 Nxc3 6. bxc3 Bg7 7. Nf3 O-O 8. Be3 c5 9. Be2 Nc6 10. O-O Bg4 11. d5 Bxf3 12. Bxf3 Na5 13. Rc1 Rc8 14.
Be2 f5 15. exf5 Rxf5 16. Bg4 Nc4 17. Bxf5 gxf5 18. Qd3 Nd6 19. Bf4 c4 20. Qh3 Ne4 21. Qxf5 Nxc3 22. Rfe1 Qxd5 23. Qxc8+ Kf7 24. Qh3 e5 25.
Qxc3 exf4 26. Qxc4 1-0

[Event "*** SCC Grand Prix: Titled Tuesday Blitz"]
[Site "Chess.com"]
[Date "2020.07.14"]
[Round "10"]
[White "Oneofmyturns"]
[Black "TigrVShlyape"]
[Result "0-1"]
[WhiteElo "2707"]
[BlackElo "2855"]
[TimeControl "180+1"]
[EndTime "11:56:37 PDT"]
[Termination "TigrVShlyape won by resignation"]

1. d4 Nf6 2. c4 g6 3. Nc3 Bg7 4. e4 d6 5. h3 e5 6. d5 Na6 7.
Be3 Nc5 8. Qc2 a5 9. Nge2 Bd7 10. g4 c6 11. Ng3 cxd5 12. cxd5 Rc8 13. Qd2 h5 14. g5 Nh7 15. h4 O-O 16. f3 Qe8 17. Be2 f6 18. gxf6 Bxf6 19. Nd1 Qd8 20. Bg5 Nxg5 21.
hxg5 Bxg5 22. Ne3 b5 23. Kf2 h4 0-1

[Event "*** SCC Grand Prix: Titled Tuesday Blitz"]
[Site "Chess.com"]
[Date "2020.07.14"]
[Round "10"]
[White "Evgeny81"]
[Black "m_ezat"]
[Result "1-0"]
[WhiteElo "2735"]
[BlackElo "2552"]
[TimeControl "180+1"]
[EndTime "11:56:38 PDT"]
[Termination "Evgeny81 won by resignation"]

1. e4 c6 2. d4 d5 3. f3 e6 4. Nc3 Bb4 5. Bf4 Nf6 6. Qd3 b6 7. Ne2 Ba6 8. Qe3 O-O 9. O-O-O Nfd7 10. h4 Re8 11. h5 e5 12. dxe5 Nxe5 13. Bxe5 Rxe5 14.
f4 Re8 15. h6 Bxe2 16. Bxe2 Bxc3 17. Qxc3 Qf6 18. Qxf6 gxf6 19. Bf3 Nd7 20. exd5 cxd5 21. Bxd5 Rac8 22. Bxf7+ Kxf7 23. Rxd7+ Re7 24. Rxe7+ Kxe7 25. Rh3 Rg8 26. Ra3 a5 27. Rb3 Rxg2 28. Rxb6 Kf7 29.
f5 Rh2 30. Rb7+ Kg8 31. Rg7+ Kh8 32. Ra7 Rxh6 33. Rxa5 Rh2 34. Rd5 Rf2 35. a4 h5 36.
a5 Rf1+ 37. Kd2 Ra1 38. b4 h4 39. Rd4 Rh1 40. a6 Ra1 41. Rxh4+ Kg7 42. b5 1-0

[Event "*** SCC Grand Prix: Titled Tuesday Blitz"]
[Site "Chess.com"]
[Date "2020.07.14"]
[Round "10"]
[White "Pavel_Mir"]
[Black "KobyKalavannan"]
[Result "0-1"]
[WhiteElo "2351"]
[BlackElo "2705"]
[TimeControl "180+1"]
[EndTime "11:56:38 PDT"]
[Termination "KobyKalavannan won by resignation"]

1. e4 c5 2. Nf3 Nc6 3. Nc3 g6 4. d4 cxd4 5. Nxd4 Bg7 6. Be3 Nf6 7. Bc4 O-O 8. Bb3 Re8 9. O-O d6 10. h3 Na5 11. f4 b6 12. e5 Nxb3 13. exf6 exf6 14.
axb3 Rxe3 15. Nd5 Re8 16. Nc6 Qd7 17. Qf3 Bb7 18. Nd4 f5 19. Ra4 b5 20. Rb4 a5 21.
Nb6 Bxf3 22. Nxd7 axb4 23. Nxf3 Ra6 24. Rd1 Bxb2 25. Rd5 Re7 26. Nb8 Rb6 27. Ne1 Rxe1+ 28. Kf2 Re7 0-1

[Event "*** SCC Grand Prix: Titled Tuesday Blitz"]
[Site "Chess.com"]
[Date "2020.07.14"]
[Round "10"]
[White "ErikRonka"]
[Black "TurboSteen"]
[Result "0-1"]
[WhiteElo "2343"]
[BlackElo "1996"]
[TimeControl "180+1"]
[EndTime "11:56:41 PDT"]
[Termination "TurboSteen won by resignation"]

1. b3 e5 2. Bb2 Nc6 3. e3 d5 4. Bb5 Bd6 5. f4 f6 6. fxe5 fxe5 7. Bxc6+ bxc6 8. Bxe5 Qh4+ 9. g3 Qe4 10. Bxd6 Qxh1 11. Qh5+ Kd7 12. c4 Qxg1+ 13. Ke2 cxd6 14. Nc3 Qxa1 15.
cxd5 Ba6+ 16. Kf3 Qf1+ 0-1

[Event "*** SCC Grand Prix: Titled Tuesday Blitz"]
[Site "Chess.com"]
[Date "2020.07.14"]
[Round "10"]
[White "ChessArchitect64"]
[Black "Evachess2006"]
[Result "1-0"]
[WhiteElo "1865"]
[BlackElo "1607"]
[TimeControl "180+1"]
[EndTime "11:56:41 PDT"]
[Termination "ChessArchitect64 won by resignation"]

1. d4 d5 2. Nf3 Nf6 3. g3 e6 4. Bg2 c5 5. O-O Be7 6. dxc5 Bxc5 7. c4 dxc4 8. Qc2 O-O 9. Nbd2 Nc6 10. Nxc4 Nd4 11.
Nxd4 Bxd4 12. Rd1 e5 13. e3 Be6 14. exd4 exd4 15. Qd3 Rc8 16. b3 Bxc4 17. bxc4 Qc7 18.
Bf4 Rfd8 19. Bxc7 1-0

[Event "*** SCC Grand Prix: Titled Tuesday Blitz"]
[Site "Chess.com"]
[Date "2020.07.14"]
[Round "10"]
[White "sergivila"]
[Black "iaraldinho"]
[Result "0-1"]
[WhiteElo "2364"]
[BlackElo "2532"]
[TimeControl "180+1"]
[EndTime "11:56:43 PDT"]
[Termination "iaraldinho won by checkmate"]

1. e4 c5 2. Nf3 a6 3. c3 d5 4. exd5 Qxd5 5. d4 cxd4 6. cxd4 Nf6 7. Nc3 Qd6 8. Bd3 e6 9. O-O Nc6 10. a3 Be7 11. Bc2 O-O 12. Bg5 Rd8 13. Qd3 g6 14.
Rad1 b5 15. h4 Bb7 16. Rfe1 b4 17. Ne4 Nxe4 18. Rxe4 Na5 19. Re5 Bd5 20. h5 b3 21.
Bb1 Nc6 22. hxg6 hxg6 23. Re3 Bxg5 24. Nxg5 Qf4 25. Rg3 Kg7 26. Nxf7 Qxf7 27. Rxg6+ Kf8 28. Qg3 Ne7 29. Rh6 Qg7 30. Qf4+ Nf5 31. Bxf5 Qxg2# 0-1

[Event "*** SCC Grand Prix: Titled Tuesday Blitz"]
[Site "Chess.com"]
[Date "2020.07.14"]
[Round "10"]
[White "Lector118"]
[Black "FedaMaster"]
[Result "0-1"]
[WhiteElo "2490"]
[BlackElo "2393"]
[TimeControl "180+1"]
[EndTime "11:56:44 PDT"]
[Termination "FedaMaster won by resignation"]

1. d4 Nf6 2. c4 g6 3. Nc3 d5 4. Nf3 Bg7 5. e3 O-O 6. b4 a5 7. b5 c5 8. dxc5 dxc4 9. Qxd8 Rxd8 10. Bb2 Ne4 11. Rc1 Nxc5 12. Bxc4 Bf5 13. Nd1 Nbd7 14. Bxg7 Kxg7 15. Ke2 Nb6 16. Nd4 Nxc4 17. Nxf5+ gxf5 18. Rxc4 Ne4 19. f3 Rd2+ 20. Ke1 Rad8 21. Rd4 R8xd4 22.
exd4 Rxd1+ 23. Kxd1 Nf2+ 24. Ke2 Nxh1 25. Kf1 Kf6 0-1

[Event "*** SCC Grand Prix: Titled Tuesday Blitz"]
[Site "Chess.com"]
[Date "2020.07.14"]
[Round "10"]
[White "VladimirBugayev"]
[Black "SanchezKelvin"]
[Result "1-0"]
[WhiteElo "2109"]
[BlackElo "2391"]
[TimeControl "180+1"]
[EndTime "11:56:44 PDT"]
[Termination "VladimirBugayev won by checkmate"]

1. e4 c5 2. a3 Nc6 3. b4 cxb4 4.
axb4 Nxb4 5. d4 d5 6. c3 Nc6 7. exd5 Qxd5 8. Na3 e6 9. Nb5 Qd8 10. Bf4 Bd7 11. Nc7+ Ke7 12. d5 g5 13. d6+ Kf6 14. Bxg5+ Kxg5 15. Nh3+ Kh6 16. Nxa8 Qxa8 17. Qd2+ Kg7 18.
Qg5# 1-0

[Event "*** SCC Grand Prix: Titled Tuesday Blitz"]
[Site "Chess.com"]
[Date "2020.07.14"]
[Round "10"]
[White "DenisQ"]
[Black "Jumbo"]
[Result "0-1"]
[WhiteElo "2632"]
[BlackElo "2850"]
[TimeControl "180+1"]
[EndTime "11:56:45 PDT"]
[Termination "Jumbo won by resignation"]

1. Nf3 d6 2. g3 g6 3. Bg2 Bg7 4. O-O c5 5. c4 Nc6 6. Nc3 e5 7. Ne1 Be6 8. Nd5 Qd7 9. Nc2 Rb8 10. a4 Nge7 11. Nce3 O-O 12. d3 f5 13. f4 exf4 14. Nxf4 Bf7 15. Ned5 Rfe8 16. Kh1 Nxd5 17. Nxd5 Ne7 18. Nxe7+ Rxe7 19. Bg5 Ree8 20. Rb1 d5 21. cxd5 Bxd5 22. e4 Be6 23. Qc2 Rbc8 24. Rbe1 c4 25. d4 Qxd4 0-1

[Event "*** SCC Grand Prix: Titled Tuesday Blitz"]
[Site "Chess.com"]
[Date "2020.07.14"]
[Round "10"]
[White "MusicCityMaster"]
[Black "Natalya_Buksa"]
[Result "1-0"]
[WhiteElo "2440"]
[BlackElo "2522"]
[TimeControl "180+1"]
[EndTime "11:56:45 PDT"]
[Termination "MusicCityMaster won by resignation"]

1. e4 c5 2. Nf3 Nc6 3. d4 cxd4 4. Nxd4 e5 5. Nb5 d6 6. c4 Be7 7. Be2 f5 8. exf5 Bxf5 9. Be3 Nf6 10. O-O O-O 11. N5c3 Nd7 12. Nd5 Rc8 13. Nbc3 Bg5 14. Bg4 Nc5 15. Bxf5 Rxf5 16. Qg4 g6 17. Rad1 Ne6 18.
Ne4 Ncd4 19. Bxg5 Nxg5 20. Nxg5 Rxg5 21. Qxc8 Qxc8 22. Ne7+ Kf7 23. Nxc8 Ke6 24. Nxa7 Ne2+ 25. Kh1 Nd4 26. Nb5 Nxb5 27. cxb5 d5 28. f4 Rf5 29. fxe5 Rxe5 30. Rfe1 1-0

[Event "*** SCC Grand Prix: Titled Tuesday Blitz"]
[Site "Chess.com"]
[Date "2020.07.14"]
[Round "10"]
[White "natelleka"]
[Black "Bastiandash"]
[Result "1-0"]
[WhiteElo "2148"]
[BlackElo "2302"]
[TimeControl "180+1"]
[EndTime "11:56:46 PDT"]
[Termination "natelleka won by resignation"]

1. e4 c5 2. Nf3 e6 3. d4 cxd4 4. Nxd4 a6 5. Bd3 Bc5 6. Nb3 Be7 7. O-O Qc7 8. f4 Nf6 9. e5 Nd5 10. Qg4 g6 11. Be4 Qb6+ 12. Kh1 Ne3 13. Bxe3 Qxe3 14. Nc3 Nc6 15. Rae1 Qb6 16. f5 exf5 17. Bxf5 gxf5 18. Qg7 Rf8 19. Nd5 Qd8 20. Nf6+ Bxf6 21. exf6+ Qe7 22.
Rxe7+ Nxe7 23. Re1 1-0

[Event "*** SCC Grand Prix: Titled Tuesday Blitz"]
[Site "Chess.com"]
[Date "2020.07.14"]
[Round "10"]
[White "RobertoJBM"]
[Black "SilviusTiberius"]
[Result "0-1"]
[WhiteElo "2612"]
[BlackElo "2508"]
[TimeControl "180+1"]
[EndTime "11:56:48 PDT"]
[Termination "SilviusTiberius won by resignation"]

1. d4 Nf6 2. c4 g6 3. Nc3 Bg7 4. e4 d6 5. f3 O-O 6. Be3 c5 7. dxc5 dxc5 8. Qxd8 Rxd8 9. Bxc5 Nc6 10. Nd5 e6 11. Nc3 b6 12. Ba3 a5 13. Nb5 Nb4 14. Kf2 Nc2 15. Rc1 Nxa3 16. bxa3 Rd2+ 17.
Ne2 Rxa2 18. Ke3 Bf8 19. g4 Bb7 20. Nec3 Rb2 21. e5 Nxg4+ 22. fxg4 Bh6+ 23. Kd4 Bxc1 24. Rg1 Bf4 25. Bd3 f6 26. Be4 0-1

[Event "*** SCC Grand Prix: Titled Tuesday Blitz"]
[Site "Chess.com"]
[Date "2020.07.14"]
[Round "10"]
[White "RaunakSadhwani2005"]
[Black "BogdanDeac"]
[Result "1-0"]
[WhiteElo "2959"]
[BlackElo "2803"]
[TimeControl "180+1"]
[EndTime "11:56:51 PDT"]
[Termination "RaunakSadhwani2005 won by resignation"]

1. d4 d5 2. Nf3 Nf6 3. Bf4 c5 4.
e3 Nc6 5. c3 Qb6 6. Qb3 c4 7.
Qc2 Bf5 8. Qc1 e6 9. h3 h6 10. Nbd2 Rc8 11. Be2 Be7 12. O-O O-O 13. b3 cxb3 14.
axb3 Nb4 15. Qb2 Bd3 16. Nb1 Ne4 17. Ne5 Bxb1 18. cxb4 Rc2 19. Qxb1 Rxe2 20. Nd7 Qb5 21.
Nxf8 Nd2 22. Qd1 Nxf1 23. Qxf1 Bxb4 24. Nd7 Qd3 25. Ne5 Qc2 26. Rc1 Qa2 27. Bg3 1-0

[Event "*** SCC Grand Prix: Titled Tuesday Blitz"]
[Site "Chess.com"]
[Date "2020.07.14"]
[Round "10"]
[White "AttackSparrow"]
[Black "harkerchess"]
[Result "1-0"]
[WhiteElo "2316"]
[BlackElo "2106"]
[TimeControl "180+1"]
[EndTime "11:56:53 PDT"]
[Termination "AttackSparrow won on time"]

1. e4 e5 2. Nc3 Nf6 3. f4 d5 4. fxe5 Nxe4 5. Qe2 Nxc3 6. dxc3 Bc5 7. Nf3 O-O 8. Be3 Bxe3 9. Qxe3 Nc6 10. O-O-O h6 11. c4 Ne7 12. cxd5 Nxd5 13. Qd4 Be6 14. Bc4 c6 15.
Kb1 Qa5 16. a3 Rad8 17. Bxd5 Rxd5 18. Qb4 Qxb4 19. axb4 Rfd8 20. Rxd5 Rxd5 21. Kc1 Kf8 22. Re1 Ke7 23. c3 Rd8 24. Nd4 Bd7 25. g3 b6 26.
Nb3 Be6 27. Nd4 Bd7 28. Re3 Re8 29. Kd2 Kd8 30. Ke2 1-0

[Event "*** SCC Grand Prix: Titled Tuesday Blitz"]
[Site "Chess.com"]
[Date "2020.07.14"]
[Round "10"]
[White "Zq1"]
[Black "anpospan"]
[Result "1-0"]
[WhiteElo "2484"]
[BlackElo "2333"]
[TimeControl "180+1"]
[EndTime "11:56:59 PDT"]
[Termination "Zq1 won by resignation"]

1. d4 Nf6 2. c4 e6 3. Nc3 c5 4. d5 exd5 5. cxd5 d6 6. e4 g6 7.
f4 Bg7 8. Bb5+ Nfd7 9. a4 O-O 10. Nf3 Na6 11. O-O Nb4 12. Bd2 a6 13. Bc4 Nb6 14. Be2 Bg4 15. h3 Bxf3 16. Rxf3 Bd4+ 17. Kh1 f5 18. a5 Nd7 19. Bc4 b5 20. axb6 Nxb6 21. Bf1 Qe7 22. exf5 gxf5 23. Qb3 Qf7 24. Ne2 Qxd5 25.
Bxb4 Qxb3 26. Rxb3 c4 27. Rg3+ Bg7 28. Bxd6 Rfd8 29.
Bc7 1-0

[Event "*** SCC Grand Prix: Titled Tuesday Blitz"]
[Site "Chess.com"]
[Date "2020.07.14"]
[Round "10"]
[White "Dinamo81"]
[Black "elohunter1999"]
[Result "0-1"]
[WhiteElo "2646"]
[BlackElo "2497"]
[TimeControl "180+1"]
[EndTime "11:57:02 PDT"]
[Termination "elohunter1999 won by resignation"]

1. d4 Nf6 2. Bf4 d5 3. e3 c5 4. Nc3 cxd4 5. exd4 a6 6. Nf3 Nc6 7. Ne5 e6 8. Be2 Bd6 9. Nxc6 bxc6 10. Bxd6 Qxd6 11.
Na4 O-O 12. O-O e5 13. dxe5 Qxe5 14. c3 Rb8 15. Re1 Qc7 16. Qd4 a5 17. b4 Bf5 18.
Nc5 Qb6 19. a3 Rfe8 20. Bf1 h6 21. f3 axb4 22. axb4 Rxe1 23. Rxe1 Nd7 24. Nb3 Bg6 25. Qxb6 Nxb6 26. Nc5 h5 27. Re7 d4 28. cxd4 Nd5 29.
Rc7 Nxc7 0-1

[Event "*** SCC Grand Prix: Titled Tuesday Blitz"]
[Site "Chess.com"]
[Date "2020.07.14"]
[Round "10"]
[White "dopolian"]
[Black "swayamsm"]
[Result "0-1"]
[WhiteElo "2440"]
[BlackElo "2601"]
[TimeControl "180+1"]
[EndTime "11:57:04 PDT"]
[Termination "swayamsm won on time"]

1. e4 e6 2. d4 d5 3. Nd2 Be7 4. Ngf3 Nf6 5. Bd3 c5 6. exd5 Qxd5 7. dxc5 O-O 8. O-O Nbd7 9. Nb3 Nxc5 10. Nxc5 Qxc5 11. Be3 Qc7 12. Bd4 Rd8 13. Qe2 Bd7 14. c3 b6 15. Rad1 Bc6 16. h3 Qb7 17. Ne1 b5 18. f3 b4 19. Ba6 Qc7 20. Nc2 Nh5 21. Be5 Qb6+ 22. Bd4 Bc5 23. Bxc5 Qxc5+ 24. Qf2 Qa5 25.
Nxb4 Ba4 26. Rxd8+ Rxd8 27. Bc4 Nf4 28. Qe3 Qg5 0-1

[Event "*** SCC Grand Prix: Titled Tuesday Blitz"]
[Site "Chess.com"]
[Date "2020.07.14"]
[Round "10"]
[White "Mikhal867"]
[Black "EfM13"]
[Result "1-0"]
[WhiteElo "2393"]
[BlackElo "2252"]
[TimeControl "180+1"]
[EndTime "11:57:04 PDT"]
[Termination "Mikhal867 won on time"]

1. c4 d6 2. d4 e5 3. Nf3 e4 4.
Ng5 f5 5. h4 Be7 6. Nc3 Nf6 7.
h5 O-O 8. h6 g6 9. g3 c6 10. d5 Ng4 11. Nh3 Nd7 12. b3 Qa5 13. Bb2 e3 14. f3 Bf6 15. Rc1 Nf2 16. Nxf2 exf2+ 17. Kxf2 Qc5+ 18. Kg2 Qe3 19. dxc6 bxc6 20. Qxd6 Bd4 21. Nd1 1-0

[Event "*** SCC Grand Prix: Titled Tuesday Blitz"]
[Site "Chess.com"]
[Date "2020.07.14"]
[Round "10"]
[White "saraswathii"]
[Black "DonPreuss"]
[Result "1-0"]
[WhiteElo "2327"]
[BlackElo "2170"]
[TimeControl "180+1"]
[EndTime "11:57:04 PDT"]
[Termination "saraswathii won by resignation"]

1. e4 e5 2. d3 d5 3. exd5 Qxd5 4.
Nc3 Qd8 5. Nf3 Bd6 6. g3 Ne7 7. Bg2 O-O 8. O-O Nbc6 9. Re1 Bg4 10. h3 Be6 11. Ng5 Bf5 12. Nge4 Qd7 13. Kh2 Bg6 14. Be3 f5 15. Nc5 Bxc5 16. Bxc5 f4 17. Bxc6 bxc6 18.
Rxe5 fxg3+ 19. fxg3 Nd5 20. Nxd5 cxd5 21. Bxf8 Rxf8 22.
Qe2 h6 23. Rf1 Rb8 24. b3 Qd6 25. Re7 Kh7 26. Qe5 Qxe5 27. Rxe5 c6 28. Re6 Rb6 29. Rf8 Ra6 30. a4 Rb6 31. Ra8 Rb7 32.
Rxc6 Re7 33. g4 Re2+ 34. Kg3 Re3+ 35. Kf4 Rxh3 36. Rxa7 Rh1 37. Rcc7 Rf1+ 38. Ke3 1-0

[Event "*** SCC Grand Prix: Titled Tuesday Blitz"]
[Site "Chess.com"]
[Date "2020.07.14"]
[Round "10"]
[White "chargemax23"]
[Black "Haapana"]
[Result "1-0"]
[WhiteElo "2642"]
[BlackElo "2345"]
[TimeControl "180+1"]
[EndTime "11:57:05 PDT"]
[Termination "chargemax23 won on time"]

1. e4 e6 2. d4 d5 3. Nc3 Bb4 4. exd5 exd5 5. Bd3 c6 6. Ne2 Ne7 7. a3 Bd6 8. Bf4 Bf5 9. O-O O-O 10. b4 Qc7 11. Bxd6 Qxd6 12. Ng3 Bxd3 13. Qxd3 Nd7 14. Nd1 Nf6 15. Ne3 Rae8 16. a4 g6 17. b5 c5 18.
dxc5 Qxc5 19. Rfd1 Rc8 20. Ne2 Rfd8 21. Nd4 Ne4 22.
a5 Kf8 23. a6 b6 24. Re1 Nd6 25. Ng4 h5 26. Ne5 Ndf5 27. Nxg6+ Nxg6 28. Nxf5 Qxc2 29. Qf3 Rc3 30. Qxh5 d4 31. Qh6+ 1-0

[Event "*** SCC Grand Prix: Titled Tuesday Blitz"]
[Site "Chess.com"]
[Date "2020.07.14"]
[Round "10"]
[White "Azoulas1"]
[Black "JuliaEfremova"]
[Result "0-1"]
[WhiteElo "2037"]
[BlackElo "2312"]
[TimeControl "180+1"]
[EndTime "11:57:09 PDT"]
[Termination "JuliaEfremova won on time"]

1. e4 d5 2. exd5 Qxd5 3. Nc3 Qa5 4. d4 Nf6 5. Nf3 Bg4 6. Be2 Nc6 7. h3 Qh5 8. O-O Bxh3 9. gxh3 Qxh3 10. Nh2 e6 11.
Bf4 O-O-O 12. Bg4 Nxg4 13. Qxg4 Qxg4+ 14. Nxg4 Rxd4 15. Ne2 Re4 16. Ne3 g5 17. Bg3 f5 18.
Nc3 Rb4 19. f4 gxf4 20. Rxf4 Rxb2 21. Re1 Bb4 22. Ned1 Rxc2 23. Re3 Bc5 24. Nb5 Rc1 25. Rf1 Rxd1 26. Rxd1 Bxe3+ 27. Kg2 f4 28. Bh2 Rg8+ 29. Kf3 a6 0-1

[Event "*** SCC Grand Prix: Titled Tuesday Blitz"]
[Site "Chess.com"]
[Date "2020.07.14"]
[Round "10"]
[White "nrvisakh"]
[Black "ENEASZ"]
[Result "1-0"]
[WhiteElo "2780"]
[BlackElo "2585"]
[TimeControl "180+1"]
[EndTime "11:57:10 PDT"]
[Termination "nrvisakh won by checkmate"]

1. e4 d6 2. d4 Nf6 3. Nc3 e5 4.
Nf3 Nbd7 5. Bc4 Be7 6. O-O O-O 7.
Re1 c6 8. a4 b6 9. h3 a6 10.
Bb3 Rb8 11. Bg5 b5 12. axb5 axb5 13. dxe5 Nxe5 14. Nxe5 dxe5 15. Qf3 h6 16. Red1 Qc7 17. Bxf6 Bxf6 18. Ne2 Qe7 19. Ng3 g6 20. Nf1 Kg7 21. Ne3 h5 22. c3 Bg5 23. Qe2 Rd8 24. Rxd8 Qxd8 25. Nc2 Qe7 26. Nb4 Bb7 27. Rd1 Rd8 28. Rxd8 Qxd8 29. Nd3 Qd6 30. Ne1 c5 31. Qxb5 Bxe4 32.
Qc4 f5 33. Qg8+ Kf6 34. Qf7# 1-0

[Event "*** SCC Grand Prix: Titled Tuesday Blitz"]
[Site "Chess.com"]
[Date "2020.07.14"]
[Round "10"]
[White "KetiGrant"]
[Black "Chuchofrio1"]
[Result "0-1"]
[WhiteElo "2357"]
[BlackElo "2189"]
[TimeControl "180+1"]
[EndTime "11:57:10 PDT"]
[Termination "Chuchofrio1 won by resignation"]

1. e4 c5 2. Nf3 e6 3. d4 cxd4 4. Nxd4 Nf6 5. Nc3 Nc6 6. Ndb5 Bc5 7. Nd6+ Ke7 8. Bf4 e5 9. Nf5+ Kf8 10. Bg5 d6 11.
Ng3 h6 12. Bxf6 Qxf6 13. Qd2 Be6 14. Bd3 g6 15. O-O Kg7 16. Kh1 Qg5 17. f4 exf4 18.
Rxf4 Raf8 19. Raf1 Ne5 20. Nd5 Bxd5 21. exd5 f5 22. b4 Bb6 23. c4 Rf6 24. Bb1 Re8 25. Qc3 Ng4 26. h3 Re3 27. Rxg4 Rxc3 28. Rxg5 hxg5 0-1